 Dungeon Crawl Stone Soup version 0.30-a0-878-gc727b3d3d6 (webtiles) character file.

Game seed: 3044334931009047739

173 Anamonty the Grave Robber (level 5, -3/24 (25) HPs)
             Began as a Vine Stalker Necromancer on Mar 12, 2023.
             Slain by a gnoll
             ... wielding a +0 spear
              (5 damage)
             ... on level 4 of the Dungeon.
             The game lasted 00:06:40 (3195 turns).

Anamonty the Grave Robber (VSNe)                    Turns: 3195, Time: 00:06:40

HP:   -3/24 (25)    AC:  6    Str: 11    XL:     5   Next: 53%
MP:   0/10          EV: 12    Int: 17    God:
Gold: 76            SH:  0    Dex: 14    Spells: 1/10 levels left

rFire   . . .      SeeInvis .    n - +0 dagger (vamp)
rCold   + . .      Faith    .    (no shield)
rNeg    . . .      Spirit   +    e - +2 leather armour {rC+}
rPois   .          Reflect  .    o - +0 helmet
rElec   .          Rampage  .    (no cloak)
rCorr   .                        (no gloves)
Will    .....                    (no boots)
Stlth   ++                       (no amulet)
HPRegen 1.04/turn                l - ring of wizardry
MPRegen 0.12/turn                (no ring)

@: animating dead, lightly drained
A: fangs 2, regeneration 1, magic shield, antimagic bite, no potion heal 2
a: no special abilities


You were on level 4 of the Dungeon.
You visited 1 branch of the dungeon, and saw 4 of its levels.

You collected 180 gold pieces.
You spent 104 gold pieces at shops.

Inventory:

Hand Weapons
 c - a +0 short sword
 n - a +0 vampiric dagger (weapon)
Armour
 a - a +0 robe
 e - a +2 leather armour of cold resistance (worn)
 o - a +0 helmet (worn)
Jewellery
 l - a ring of wizardry (left hand)
Scrolls
 d - a scroll of amnesia
 f - a scroll of enchant weapon {unknown}
 i - a scroll of vulnerability {unknown}
 q - a scroll of fear {unknown}
 r - a scroll of teleportation {unknown}
 t - a scroll of fog {unknown}
 v - a scroll of enchant armour {unknown}
 x - a scroll of poison {unknown}
Potions
 b - a potion of magic
 g - a potion of cancellation {unknown}
 h - a potion of experience {unknown}
 j - 2 potions of mutation
 m - 2 potions of curing
 p - a potion of heal wounds {unknown}
 s - a potion of lignification {unknown}
 u - a potion of flight {unknown}
 w - a potion of might {unknown}


   Skills:
 + Level 1.5 Fighting
 + Level 2.3 Dodging
 + Level 3.7 Stealth
 + Level 3.0 Spellcasting
 * Level 4.9 Necromancy


You had one spell level left.
You knew the following spells:

 Your Spells              Type           Power      Damage    Failure   Level
a - Necrotise             Necr           76%        1d7       1%          1
b - Vampiric Draining     Necr           19%        2d7       3%          3
c - Animate Dead          Necr           19%        N/A       12%         4
d - Kiss of Death         Conj/Necr      44%        2d8       3%          1

Your spell library contained the following spells:

 Spells                   Type           Power      Damage    Failure   Level
 Shock                    Conj/Air       8%         1d3       9%          1
 Cigotuvi's Dreadful Rot  Necr/Pois/Air  16%        N/A       8%          2
 Dispel Undead            Necr           19%        3d11      12%         4
 Poisonous Vapours        Pois/Air       4%         N/A       14%         2
 Confusing Touch          Hex            2%         N/A       26%         3
 Dazzling Flash           Conj/Hex       4%         N/A       26%         3
 Mephitic Cloud           Conj/Pois/Air  2%         N/A       26%         3
 Swiftness                Air            2%         N/A       26%         3
 Agony                    Necr           19%        N/A       32%         5
 Airstrike                Air            1%         2d(1-17)  63%         4
 Silence                  Hex/Air        1%         N/A       91%         5
 Conjure Ball Lightning   Conj/Air       1%         3x3d6     100%        6
 Discord                  Hex            1%         N/A       100%        8
 Disjunction              Tloc           1%         N/A       100%        8


Dungeon Overview and Level Annotations

Branches:
Dungeon (4/15)
 Temple: D:4-7

Altars:
Elyvilon

Shops:
D:1 ::   D:2 *   D:4 *


Innate Abilities, Weirdness & Mutations

You have extremely sharp teeth.
Your natural rate of healing is unusually fast.
When hurt, damage is shared between your health and your magic reserves.
Your bite disrupts and absorbs the magic of your enemies.
Potions cannot restore your health.


Message History

Unknown command.
The gnoll hits you but does no damage. The gnoll barely misses you.
The gnoll hits you with a +1 flail of holy wrath.
The gnoll closely misses you.
You barely miss the gnoll. Your bite misses the gnoll.
The gnoll is almost dead.
The gnoll hits you with a +0 spear!
The gnoll hits you with a +1 flail of holy wrath.
The gnoll barely misses you.
You barely miss the gnoll. Your bite misses the gnoll.
The gnoll is almost dead.
The gnoll hits you with a +0 spear. The gnoll closely misses you. x2
Unknown command.
Casting: Necrotise (safe; 1% risk of failure)
Confirm with . or Enter, or press ? or * to list all spells.
You don't have enough magic to cast this spell.
Casting: Necrotise (safe; 1% risk of failure)
Confirm with . or Enter, or press ? or * to list all spells.
Aiming: Necrotise (safe; 1% risk of failure)
Press: ? - help, Shift-Dir - straight line, f/p - gnoll
Aim: a gnoll, wielding a +0 spear (almost dead, chance to affect: 84%)
The gnoll barely resists.
The gnoll hits you with a +0 spear!
* * * LOW HITPOINT WARNING * * *
The gnoll hits you with a +0 spear.
* * * LOW HITPOINT WARNING * * *
The gnoll misses you.
Sorry, you're not good enough to have a special ability.
Unknown command.
Casting: Necrotise (safe; 1% risk of failure)
Confirm with . or Enter, or press ? or * to list all spells.
Okay, then.
As you read the scroll of summoning, it crumbles to dust.
Wisps of shadow whirl around you...
The gnoll hits you but does no damage. x2
The gnoll hits you with a +0 spear.
* * * LOW HITPOINT WARNING * * *
Unknown command.
Your adder bites the gnoll.
Your adder closely misses the gnoll.
The gnoll hits you from afar with a +0 spear.
You die...

#..#.# ..###
#....######### #.#
####.####.....>.#
.# #.......#....
..####
#.##.##.#..###.....
#.##.##.#..#..S..#
#.##........g#gS#
#.#####.#...J.g.#
#.......##..@w.##
################


You could see 3 gnolls, 2 friendly adders, a friendly dart slug (summoned) and a
friendly endoplasm (summoned).

Vanquished Creatures
  A hound (D:3)
  3 gnolls (D:4)
  3 adders
  2 worms
  2 dart slugs
  An orc (D:3)
  8 endoplasms
  2 giant cockroaches
  7 goblins
  9 hobgoblins
  7 jackals
  3 quokkas
  4 ball pythons
  5 bats
  3 frilled lizards (D:1)
  5 kobolds
  4 rats
69 creatures vanquished.

Vanquished Creatures (collateral kills)
  A ball python (D:1)
  A rat (D:1)
2 creatures vanquished.

Grand Total: 71 creatures vanquished

Notes
Turn   | Place    | Note
-------+----------+-------------------------------------------
     0 | D:1      | Anamonty the Vine Stalker Necromancer began the quest for
                  | the Orb.
     0 | D:1      | Reached XP level 1. HP: 9/9 MP: 4/4
     2 | D:1      | You fall into a shaft and drop 1 floor!
     3 | D:2      | Found Jori's General Store.
   114 | D:2      | Reached XP level 2. HP: 9/13 MP: 0/6
   378 | D:1      | Reached XP level 3. HP: 17/17 MP: 3/7
   436 | D:1      | Found a faded altar of an unknown god.
   482 | D:1      | Learned a level 3 spell: Vampiric Draining
   545 | D:1      | Found Eceted's Book Shop.
  1032 | D:1      | Found Voachola's Vocational Training.
  1419 | D:2      | Bought a scroll of summoning for 104 gold pieces
  1708 | D:2      | Reached skill level 1 in Fighting
  1720 | D:2      | Gained mutation: Your natural rate of healing is unusually
                  | fast. [Vine Stalker growth]
  1720 | D:2      | Reached XP level 4. HP: 22/22 MP: 6/8
  1843 | D:2      | Learned a level 4 spell: Animate Dead
  2318 | D:3      | Reached XP level 5. HP: 25/25 MP: 6/10
  2351 | D:3      | Found a white marble altar of Elyvilon.
  3063 | D:3      | Learned a level 1 spell: Kiss of Death
  3089 | D:4      | Found Bewodyzi's Assorted Antiques.
  3194 | D:4      | HP: 1/24 [gnoll/+0 spear (3)]
  3195 | D:4      | Slain by a gnoll

Illustrated notes

Levels and vault maps discovered:
D:1:      dpeg_arrival_lava_temple_mockup, layout_loops_ring, serial_shops,
          nicolae_shop_statue_plus, hellmonk_ecumenical_altar_inner_sanctum,
          chequers_serial_rivers_micro_a, nicolae_shop_vocational
D:2:      layout_loops_cross, serial_shops, nicolae_shop_crystal
D:3:      mumra_celtic_spiral_tile, layout_loops_ring,
          mainiacjoe_overflow_tiny_flanked, chequers_serial_rivers_small_3
D:4:      layout_loops_cross, minmay_temple_entry_tees, serial_shops,
          nicolae_shop_crystal, gup_sewer_entry_spiral

Skill      XL: |  1  2  3  4  5 |
---------------+----------------+-----
Stealth        | 3 |  3.7
Dodging        | 2 |  2.3
Fighting       | 1 |  1.5
Spellcasting   | 3 |  3.0
Necromancy     | |  4.9

Action                     |  1- 3 |  4- 6 || total
---------------------------+-------+-------++-------
  Melee: Short sword       |    84 |       ||    84
         Bite              |    17 |    25 ||    42
         Dagger            |    13 |    71 ||    84
         Punch             |     1 |     2 ||     3
   Cast: Necrotise         |    36 |    24 ||    60
         Vampiric Draining |     1 |     1 ||     2
         Animate Dead      |       |     1 ||     1
         Kiss of Death     |       |     1 ||     1
    Use: Scroll            |       |     4 ||     4
   Stab: Sleeping          |    10 |     4 ||    14
         Distracted        |     2 |       ||     2
 Armour: Robe              |     5 |       ||     5
         Leather armour    |    13 |    22 ||    35
  Dodge: Dodged            |    54 |    49 ||   103

Table legend: (Time is in decaauts)
 A = Elapsed time spent in this place.
 B = Non-inter-level travel time spent in this place.
 C = Inter-level travel time spent in this place.
 D = Time resting spent in this place.
 E = Time spent auto-exploring this place.
 F = Levels seen in this place.
 G = Mean time per level.
                   A        B        C        D        E       F      G
               +--------+--------+--------+--------+--------+-----+--------+
         Total |   3196 |   3071 |    125 |      0 |   2388 |   4 |  799.0 |
       Dungeon |   3196 |   3071 |    125 |      0 |   2388 |   4 |  799.0 |
               +--------+--------+--------+--------+--------+-----+--------+

Top non-repeatable levels by time:
     D:3: 1183 daAuts
     D:1: 1026 daAuts
     D:2: 876 daAuts
     D:4: 109 daAuts
